Map: 荣耀祭坛-天梯版

Players

电脑难度(新手) - Winner!

  • Race: Terran Terran

hAppynOOb

  • Race: Protoss Protoss
  • League: Diamond

VOD

Have the link to the VOD?

Description

Time

  • Played on: Feb. 21, 2022, 2:12 a.m.
  • Length: 10:31
Show
View Real Time Build Order
Export as new Build Order

电脑难度(新手) Terran - Winner!

Build Orders:  

Get SALT Encoding   

  12  0:00  SCV  
  13  0:13  SCV  
  14  0:18  Supply Depot  
  14  0:37  Refinery  
  14  0:42  Barracks  
  14  1:04  Supply Depot  
  14  1:11  Refinery  
  14  1:29  SCV  
  14  1:30  Marine  
  16  1:41  SCV  
  17  1:53  SCV  
  18  2:05  SCV  
  18  2:06  Marine  
  20  2:18  SCV  
  21  2:30  SCV  
  22  2:41  Marine  
  22  2:42  Orbital Command  
  23  4:35  SCV  
  23  6:00  Marine, SCV  
  23  6:02  Factory  
  23  6:03  Supply Depot  
  24  6:12  SCV  
  25  6:24  SCV  
  26  6:27  Supply Depot  
  26  6:34  Barracks Tech Lab  
  26  6:36  SCV  
  27  6:47  Starport  
  27  6:49  SCV  
  27  6:52  Marine  
  26  7:01  SCV  
  27  7:08  Command Center  
  27  7:25  Starport Tech Lab, Marine  
  28  7:44  Raven  
  29  8:00  Marauder  
  31  8:22  SCV  
  31  8:26  Raven  
  34  8:29  SCV  
  34  8:30  Refinery  
  34  8:33  Marine  
  36  8:34  Refinery  
  36  8:36  SCV  
  37  8:44  SCV  
  38  8:51  SCV  
  39  8:58  SCV  
  40  9:05  SCV  
  41  9:12  SCV  
  42  9:19  SCV  
  43  9:26  SCV  
  44  9:34  SCV  
  45  9:41  SCV  
  46  9:48  SCV  
  47  9:55  SCV  
  48  10:02  SCV  
  49  10:09  SCV  
Show
View Real Time Build Order
Export as new Build Order

hAppynOOb Protoss 

Build Orders: 1 Gate Expand, Dark Templar Rush 

Get SALT Encoding   

  12  0:00  Probe  
  13  0:12  Probe  
  14  0:17  Pylon  
  14  0:24  Probe  
  15  0:36  Gateway, Probe (Chrono Boost)  
  16  0:47  Assimilator  
  16  0:48  Probe (Chrono Boost)  
  17  0:53  Probe (Chrono Boost)  
  18  1:03  Probe  
  19  1:15  Probe  
  20  1:23  Nexus  
  20  1:33  Cybernetics Core  
  20  1:36  Probe  
  21  1:43  Assimilator  
  21  1:48  Probe  
  21  1:51  Pylon  
  22  2:00  Probe (Chrono Boost)  
  23  2:07  Adept (Chrono Boost)  
  23  2:10  Warp Gate  
  26  2:17  Probe (Chrono Boost)  
  26  2:21  Probe (Chrono Boost)  
  26  2:25  Twilight Council  
  27  2:32  Stalker  
  27  2:33  Probe  
  27  2:35  Probe  
  31  2:45  Probe  
  31  2:47  Probe  
  33  2:54  Robotics Facility  
  33  2:57  Probe (Chrono Boost)  
  34  3:01  Probe (Chrono Boost)  
  35  3:09  Probe (Chrono Boost)  
  37  3:13  Probe (Chrono Boost)  
  37  3:18  Dark Shrine  
  37  3:19  Probe (Chrono Boost)  
  39  3:20  Probe (Chrono Boost)  
  39  3:28  Gateway  
  39  3:30  Probe x2  
  39  3:32  Gateway  
  41  3:40  Warp Prism (Chrono Boost)  
  41  3:42  Probe x2  
  45  3:54  Probe  
  46  4:02  Pylon  
  46  4:04  Assimilator  
  46  4:06  Pylon  
  46  4:20  Stalker, Probe x2  
  50  4:32  Probe x2  
  50  4:35  Dark Templar  
  50  4:36  Dark Templar x2  
  58  4:44  Probe x2  
  60  4:46  Observer  
  60  4:52  Assimilator  
  61  4:55  Nexus  
  61  4:56  Probe  
  62  5:03  Pylon  
  62  5:07  Robotics Bay  
  62  5:09  Pylon  
  62  5:12  Pylon  
  62  5:21  Probe x2, Observer (Chrono Boost)  
  62  5:22  Forge  
  62  5:24  Stalker, Forge  
  62  5:25  Stalker  
  62  5:27  Stalker  
  71  5:33  Probe x2  
  73  5:42  Observer (Chrono Boost)  
  74  5:45  Probe x2  
  74  5:48  Pylon  
  76  5:51  Stalker x3  
  82  5:57  Probe  
  82  5:58  Probe  
  82  6:04  Colossus (Chrono Boost)  
  84  6:08  Probe  
  84  6:10  Probe x2  
  93  6:11  Assimilator  
  93  6:14  Assimilator, Shield Battery  
  93  6:20  Probe  
  93  6:22  Probe  
  93  6:25  Protoss Ground Armor Level 1 (Chrono Boost), Probe, Protoss Ground Weapons Level 1 (Chrono Boost)  
  96  6:32  Probe  
  97  6:34  Stalker, Probe  
  97  6:37  Probe  
  101  6:42  Pylon  
  101  6:44  Probe  
  101  6:46  Probe  
  103  6:49  Stalker x2, Probe  
  108  6:55  Gateway  
  108  6:56  Probe  
  108  6:57  Gateway x2  
  108  6:58  Colossus (Chrono Boost)  
  108  7:00  Probe  
  110  7:03  Probe  
  117  7:10  Pylon  
  117  7:23  Pylon  
  117  7:27  Pylon  
  117  7:30  Sentry x2  
  117  7:31  Stalker  
  117  7:32  Gateway  
  117  7:35  Gateway  
  123  7:39  Gateway  
  123  7:40  Robotics Facility  
  123  7:42  Extended Thermal Lance (Chrono Boost)  
  123  7:45  Blink, Observer (Chrono Boost)  
  124  7:56  Stalker  
  124  7:57  Stalker x3  
  124  7:58  Stalker  
  134  8:06  Immortal (Chrono Boost)  
  134  8:09  Stalker  
  134  8:11  Nexus  
  134  8:12  Pylon  
  140  8:15  Pylon  
  140  8:31  Stalker x2, Protoss Ground Armor Level 2 (Chrono Boost), Protoss Ground Weapons Level 2 (Chrono Boost)  
  144  8:40  Pylon  
  144  8:42  Pylon  
  144  8:43  Pylon  
  144  8:44  Pylon, Immortal (Chrono Boost)  
  148  8:54  Immortal (Chrono Boost)  
  152  8:55  Templar Archives  
  152  8:58  Probe x3  
  155  9:05  Stalker x2  
  159  9:10  Probe x3  
  162  9:21  Immortal (Chrono Boost)  
  162  9:23  Probe x2  
  162  9:24  Probe x2  
  174  9:31  Immortal (Chrono Boost)  
  174  9:37  Stalker  
  174  9:38  Stalker x2  
  180  9:45  Stalker  
  180  9:46  Stalker x2  
  180  9:47  Stalker  
  180  9:51  Assimilator  
  188  9:55  Assimilator  
  188  9:58  Shield Battery  
  188  10:06  Stalker x3  
  188  10:07  Stalker  
Tags
 
Add a new tag
Caveats
  • Supply blocks, unpowered buildings, or Contaminate may cause inaccurate times.
  • Supply counts are checked every 10 seconds.